Yay, chaotic male vampiric Wizard ---------- |.....<..| |..----- - |..-- --%%-- |z.I| ---@I| |....| -)---- .. -- Yay the Thaumaturge Experience level: 8 Strength: 7 Dexterity: 13 Constitution: 13 Intelligence: 18 Wisdom: 11 Charisma: 13 Health: 0(58) Energy: 84(113) AC: 9 Gold: 580 Moves: 2337 Your Inventory: Coins $ - 580 gold pieces Weapons a - a blessed +2 quarterstaff (weapon in hands) H - 4 [cursed +0] daggers [of frost] Armor w - an uncursed +0 pair of iron shoes (being worn) K - a cursed -1 hooded cloak [dwarvish] (being worn) Comestibles o - an [uncursed] lichen corpse Scrolls j - an uncursed scroll of charging u - a blessed scroll of confuse monster z - an uncursed scroll of blank paper A - 5 cursed scrolls of blank paper Spellbooks l - a blessed spellbook of force bolt m - an uncursed spellbook of cause fear Rings d - an uncursed ring of shock resistance e - an uncursed ring of polymorph B - an [uncursed] porcelain ring [of fire resistance] N - a [cursed] chrysoberyl ring [of slow digestion] O - a [cursed +3] shiny ring [of increase accuracy] Wands c - an uncursed wand of enlightenment (0:14) G - an [uncursed] nickel wand [of digging (0:4)] J - an [uncursed] nickel wand [of digging (0:6)] M - a [cursed] platinum wand [of lightning (0:5)] P - a [cursed] iron wand [of light (0:14)] Tools n - an uncursed magic marker (0:26) s - an [uncursed] lock pick F - an [uncursed] partly used [wax] candle I - an [uncursed wax] candle Gems t - an uncursed topaz stone D - an [uncursed] green gem [worthless glass] Spells known in the end: Name Level Category Fail Memory a - force bolt 1 attack 0% [||||||||] b - cause fear 3 enchantment 0% [||||||||] Your skills at the end: Fighting Skills Weapon Skills quarterstaff [Basic / Expert] Spellcasting Skills attack spells [Basic / Expert] enchantment spells [Basic / Skilled] Final Attributes: You were piously aligned. Hunger level was 705. Your alignment was 21 / 21. Monster difficulty range was 1 - 8. Level difficulty was 9. You were immune to level-drain. You could fly. You could survive without air. You regenerated. Your luck was zero. You are dead. Vanquished creatures: a guivre a ghost a xan 3 gnome lords a straw golem a paper golem a giant ant a floating eye 6 dwarves a giant bat 3 dwarf zombies an iguana 3 hobbits 2 yellow molds a red mold 33 gnomes a gnome zombie 4 jackals a fox 2 goblins a sewer rat a grid bug 3 lichens 3 kobold zombies 6 newts 82 creatures vanquished. Voluntary challenges: You used a wielded weapon 86 times. You read items or engraved 6 times. You put on armor 3 times. You never genocided any monsters. You never polymorphed an object. You never changed form. You used no wishes. You never wrote Elbereth's name. You encountered 1 bones level. You never used any Sokoban shortcuts. Dungeon overview: The Dungeons of Doom: levels 1 to 4 Level 1 a long staircase Level 3 a weapon shop Level 4 stairs to The Gnomish Mines The Gnomish Mines: levels 5 to 9 Level 5 stairs to The Dungeons of Doom Level 9 <- You were here History has recorded: On T:1 you entered the Dungeons of Doom to retrieve the Amulet of Yendor! On T:530 you reached level 2 of The Dungeons of Doom. On T:637 you advanced to experience level 2. On T:842 you reached level 3 of The Dungeons of Doom. On T:865 you advanced to experience level 3. On T:1105 you advanced to experience level 4. On T:1119 you reached level 4 of The Dungeons of Doom. On T:1214 you reached level 1 of The Gnomish Mines. On T:1258 you advanced to experience level 5. On T:1324 you advanced to experience level 6. On T:1850 you reached level 2 of The Gnomish Mines. On T:1979 you reached level 4 of The Gnomish Mines. On T:1995 you advanced to experience level 7. On T:2285 you reached level 5 of The Gnomish Mines. On T:2292 you advanced to experience level 8. Latest messages: [HP+1=35] Wait! There's something there you can't see! It touches you! You're covered in frost! Your ochre potion freezes and shatters! [HP-14=21] You miss it. (2x) It touches you! [HP+1=22] You miss it. (2x) It touches you! [HP+1=23] You attack thin air. It touches you! A monster appears from nowhere! [HP+1=24] You hit the zruty! You bite the zruty. It touches you! You're covered in frost! Your potion of invisibility freezes and shatters! You die... Final status: Goodbye Yay the Wizard... You died in The Gnomish Mines on dungeon level 9 with 5890 points, and 580 pieces of gold, after 2337 moves. You were level 8 with a maximum of 58 hit points when you died.